[gd_scene load_steps=19 format=2]

[ext_resource path="res://entities/base_classes/Hitbox.tscn" type="PackedScene" id=1]
[ext_resource path="res://entities/base_classes/Hurtbox.tscn" type="PackedScene" id=2]
[ext_resource path="res://assets/graphics/sheet_sprites.sprites/turrets_original.tres" type="Texture" id=3]
[ext_resource path="res://assets/shaders/sprite_shader_collection.shader" type="Shader" id=4]
[ext_resource path="res://entities/static/StaticSpore.gd" type="Script" id=5]

[sub_resource type="ShaderMaterial" id=1]
resource_local_to_scene = true
shader = ExtResource( 4 )
shader_param/just_black = false
shader_param/flash_enabled = false
shader_param/all_white = false
shader_param/all_white_turn_black = Color( 1, 1, 1, 1 )
shader_param/black_is_transparent = false
shader_param/keep_original_alpha = true
shader_param/flash_colour = Color( 1, 0, 0, 1 )

[sub_resource type="AtlasTexture" id=14]
atlas = ExtResource( 3 )
region = Rect2( 0, 64, 64, 64 )

[sub_resource type="AtlasTexture" id=15]
atlas = ExtResource( 3 )
region = Rect2( 320, 0, 64, 64 )

[sub_resource type="AtlasTexture" id=16]
atlas = ExtResource( 3 )
region = Rect2( 256, 0, 64, 64 )

[sub_resource type="AtlasTexture" id=17]
atlas = ExtResource( 3 )
region = Rect2( 192, 0, 64, 64 )

[sub_resource type="AtlasTexture" id=18]
atlas = ExtResource( 3 )
region = Rect2( 128, 0, 64, 64 )

[sub_resource type="AtlasTexture" id=19]
atlas = ExtResource( 3 )
region = Rect2( 64, 0, 64, 64 )

[sub_resource type="SpriteFrames" id=8]
animations = [ {
"frames": [ SubResource( 14 ), SubResource( 15 ), SubResource( 16 ), SubResource( 17 ), SubResource( 18 ), SubResource( 19 ) ],
"loop": false,
"name": "progress",
"speed": 5.0
} ]

[sub_resource type="CircleShape2D" id=9]
radius = 19.0263

[sub_resource type="CircleShape2D" id=10]
radius = 28.0179

[sub_resource type="CircleShape2D" id=11]
radius = 28.0

[sub_resource type="Animation" id=12]
length = 0.2
tracks/0/type = "value"
tracks/0/path = NodePath("AnimatedSprite:material:shader_param/flash_enabled")
tracks/0/interp = 1
tracks/0/loop_wrap = true
tracks/0/imported = false
tracks/0/enabled = true
tracks/0/keys = {
"times": PoolRealArray( 0 ),
"transitions": PoolRealArray( 1 ),
"update": 1,
"values": [ false ]
}

[sub_resource type="Animation" id=13]
length = 0.2
loop = true
tracks/0/type = "value"
tracks/0/path = NodePath("AnimatedSprite:material:shader_param/flash_enabled")
tracks/0/interp = 1
tracks/0/loop_wrap = true
tracks/0/imported = false
tracks/0/enabled = true
tracks/0/keys = {
"times": PoolRealArray( 0, 0.1 ),
"transitions": PoolRealArray( 1, 1 ),
"update": 1,
"values": [ true, false ]
}

[node name="StaticSpore" type="KinematicBody2D"]
collision_layer = 8
collision_mask = 0
script = ExtResource( 5 )
smart_bomb_kills = false
achievement_sure_name = "Spore2"
is_bio_growth = true
score = 300

[node name="AnimatedSprite" type="AnimatedSprite" parent="."]
material = SubResource( 1 )
frames = SubResource( 8 )
animation = "progress"

[node name="CollisionShape2D" type="CollisionShape2D" parent="."]
position = Vector2( -4, 0 )
shape = SubResource( 9 )

[node name="Hitbox" parent="." instance=ExtResource( 1 )]
collision_mask = 33024

[node name="CollisionShape2D" parent="Hitbox" index="0"]
position = Vector2( -4, 0 )
shape = SubResource( 10 )

[node name="Hurtbox" parent="." instance=ExtResource( 2 )]
collision_layer = 512
health = 25

[node name="CollisionShape2D" parent="Hurtbox" index="0"]
position = Vector2( -4, 0 )
shape = SubResource( 11 )

[node name="Timer" type="Timer" parent="."]
one_shot = true

[node name="Label" type="Label" parent="."]
margin_left = -23.0
margin_top = -51.0
margin_right = 17.0
margin_bottom = -37.0
__meta__ = {
"_edit_use_anchors_": false
}

[node name="FlashAnimationPlayer" type="AnimationPlayer" parent="."]
autoplay = "default"
anims/default = SubResource( 12 )
anims/flash = SubResource( 13 )

[connection signal="animation_finished" from="AnimatedSprite" to="." method="_on_AnimatedSprite_animation_finished"]
[connection signal="hurt_ended" from="Hurtbox" to="." method="_on_Hurtbox_hurt_ended"]
[connection signal="hurt_started" from="Hurtbox" to="." method="_on_Hurtbox_hurt_started"]
[connection signal="take_hit" from="Hurtbox" to="." method="_on_Hurtbox_take_hit"]
[connection signal="timeout" from="Timer" to="." method="_on_Timer_timeout"]

[editable path="Hitbox"]
[editable path="Hurtbox"]
